 Dungeon Crawl Stone Soup version 0.31-a0-925-g0a390f2509 (webtiles) character file.

Game seed: 17317284078131662879

124 Andrea171104 the Covered (level 4, -3/40 HPs)
             Began as an Armataur Fighter on Oct 18, 2023.
             Slain by a sleepcap (13 damage)
             ... on level 6 of the Dungeon.
             The game lasted 00:10:40 (819 turns).

Andrea171104 the Covered (Armataur Fighter)          Turns: 819, Time: 00:10:41

Health: -3/40      AC:  7    Str: 23    XL:     4   Next: 81%
Magic:  4/4        EV:  1    Int:  8    God:
Gold:   45         SH:  0    Dex: 10    Spells: 3/3 levels left

rFire   + . .        a - +1 long sword
rCold   x . .        c - +0 buckler
rNeg    . . .        b - +0 scale mail
rPois   .            (no helmet)
rElec   .            (no cloak)
rCorr   .            (no gloves)
SInv    .            (no barding)
Will    .....        (no amulet) Stlth
                     e - ring of fire
HPRegen 0.26/turn    (no ring)
MPRegen 0.09/turn

%: roll
@: sleeping
A: large, rugged brown scales 3, deformed body, armoured tail, roll, long
tongue, awkward tongue
a: no special abilities


You were on level 6 of the Dungeon.
You visited 1 branch of the dungeon, and saw 4 of its levels.

You collected 45 gold pieces.

Inventory:

Hand Weapons
 a - a +1 long sword (weapon)
 h - a +0 flail
 j - a +0 dagger
 k - a +0 club
 m - a +0 short sword
Armour
 b - a +0 scale mail (worn)
 c - a +0 buckler (worn)
 l - a +0 leather armour
Jewellery
 e - a ring of fire (left hand)
Scrolls
 g - 2 scrolls of identify {unknown}
 i - a scroll of revelation {unknown}
Potions
 d - a potion of might
 n - a potion of lignification {unknown}
 o - a potion of cancellation {unknown}


   Skills:
 + Level 3.1 Fighting
 + Level 3.0 Long Blades
 + Level 4.4 Armour
 + Level 0.6 Dodging
 + Level 4.0 Shields


You had 3 spell levels left.
You didn't know any spells.
Your spell library was empty.

Dungeon Overview and Level Annotations

Branches:
Dungeon (3/15)

Altars:

Annotations:
D:3 Robin


Innate Abilities, Weirdness & Mutations

You are completely covered in rugged brown scales. (AC +3, +7% HP)
Armour fits poorly on your strangely shaped body.
You have a long armoured tail.
You roll when moving toward enemies. (Rampage)
Your long tongue fully drains potion bottles. (2x potion effects)
Your tongue gives you trouble enunciating. (1.5x scroll delay)


Message History

Unknown command.
Unknown command.
Unknown command.
You open the door.
There is an open door here.
As you open the door, it creaks loudly!
There is an open door here.
A sleepcap comes into view.
You roll towards the sleepcap!
You hit the sleepcap.
The sleepcap is lightly damaged.
The sleepcap releases spores at you but does no damage.
The sleepcap releases spores at you.
You are engulfed in a cloud of soporific spores!
You fall asleep.
The sleepcap releases spores at you!
You wake up.
You hit the sleepcap.
The sleepcap is lightly damaged.
The sleepcap closely misses you.
You hit the sleepcap but do no damage.
The sleepcap is lightly damaged.
You block the sleepcap's attack. The sleepcap releases spores at you.
You slash the sleepcap! You tail-slap the sleepcap.
The sleepcap is severely damaged.
The sleepcap releases spores at you.
* * * LOW HITPOINT WARNING * * *
You slash the sleepcap! You tail-slap the sleepcap.
You destroy the sleepcap!
Your Long Blades skill increases to level 3!
A sleepcap comes into view.
The sleepcap attacks as it pursues you! The sleepcap releases spores at you.
* * * LOW HITPOINT WARNING * * *
The sleepcap attacks as it pursues you! You block the sleepcap's attack.
The sleepcap attacks as it pursues you! You block the sleepcap's attack.
The sleepcap releases spores at you.
* * * LOW HITPOINT WARNING * * *
You are engulfed in a cloud of soporific spores!
You fall asleep.
The sleepcap releases spores at you but does no damage.
The sleepcap releases spores at you!
You die...

.. .##### ..... #.#.#
...# ..# #
###+#######.#
##.##...f.......#
.......@............#
##.##....######...#.#
#....# #......
#....##########.#
+........... # .#
#....#######.# #
###..........#
#..........#
#.........##


You could see a sleepcap.

Vanquished Creatures
  A jelly (D:6)
  A sleepcap (D:6)
  Natasha (D:3)
  2 adders (D:3)
  A shadow imp (D:6)
  An orc (D:3)
  2 ball pythons (D:3)
  2 endoplasms
  4 goblins
  A hobgoblin (D:2)
  A quokka (D:3)
  3 bats
  A kobold (D:1)
21 creatures vanquished.

Notes
Turn   | Place    | Note
-------+----------+-------------------------------------------
     0 | D:1      | Andrea171104 the Armataur Fighter began the quest for the
                  | Orb.
     0 | D:1      | Reached XP level 1. HP: 19/19 MP: 1/1
   244 | D:2      | Reached XP level 2. HP: 26/26 MP: 2/2
   331 | D:3      | Noticed Natasha
   337 | D:3      | Killed Natasha
   338 | D:3      | Reached XP level 3. HP: 18/33 MP: 3/3
   427 | D:3      | Noticed Robin
   612 | D:3      | You fall into a shaft and drop 3 floors!
   612 | D:5      | Identified the of Gofiull
   612 | D:5      | Identified the "Soufaynt"
   622 | D:6      | Reached XP level 4. HP: 14/40 MP: 4/4
   819 | D:6      | Slain by a sleepcap

Illustrated notes

Levels and vault maps discovered:
D:1:      eino_arrival_water_cross, layout_basic, hangedman_glass_teeth
D:2:      layout_rooms, hellmonk_ecumenical_altar_arch_garden, uniq_sigmund
D:3:      layout_basic, lightli_temple_of_fire, nicolae_half_adder, uniq_robin,
          uniq_crazy_yiuf_cottage, uniq_natasha
D:6:      layout_basic, eino_small_chamber_without_monster

Skill      XL: |  1  2  3  4 |
---------------+-------------+-----
Long Blades    | 2 3 |  3.0
Fighting       | 3 |  3.1
Armour         | 4 |  4.4
Shields        | 4 |  4.0
Dodging        | |  0.6

Action                     |  1- 3 |  4- 6 || total
---------------------------+-------+-------++-------
  Melee: Long sword        |    79 |    10 ||    89
         Tailslap          |     4 |     2 ||     6
    Use: Scroll            |       |     2 ||     2
 Armour: Scale mail        |   104 |    15 ||   119
  Dodge: Dodged            |    36 |     5 ||    41
  Block: Buckler           |    29 |     5 ||    34

Table legend: (Time is in decaauts)
 A = Elapsed time spent in this place.
 B = Non-inter-level travel time spent in this place.
 C = Inter-level travel time spent in this place.
 D = Time resting spent in this place.
 E = Time spent auto-exploring this place.
 F = Levels seen in this place.
 G = Mean time per level.
                   A        B        C        D        E       F      G
               +--------+--------+--------+--------+--------+-----+--------+
         Total |    867 |    867 |      0 |      0 |     18 |   4 |  216.8 |
       Dungeon |    867 |    867 |      0 |      0 |     18 |   4 |  216.8 |
               +--------+--------+--------+--------+--------+-----+--------+

Top non-repeatable levels by time:
     D:3: 313 daAuts
     D:6: 211 daAuts
     D:1: 181 daAuts
     D:2: 160 daAuts
